 Dungeon Crawl Stone Soup version 0.26-a0-1102-g347fe5baa7 (webtiles) character file.

Game seed: 5180127675729265182

49 Zdeegee the Stinger (level 3, -2/21 HPs)
             Began as an Octopode Venom Mage on Dec 15, 2020.
             Slain by a quokka (4 damage)
             ... on level 2 of the Dungeon.
             The game lasted 00:05:12 (1847 turns).

Zdeegee the Stinger (Octopode Venom Mage)           Turns: 1847, Time: 00:05:13

Health: -2/21      AC:  1    Str:  7    XL:     3   Next: 75%
Magic:  6/6        EV: 13    Int: 18    God:
Gold:   66         SH:  0    Dex: 12    Spells: 0/6 levels left

rFire    . . .     SeeInvis .   c - +1 dagger (speed)
rCold    . . .     Faith    .   (no shield)
rNeg     . . .     Spirit   .   (helmet restricted)
rPois    .         Reflect  .   (no amulet)
rElec    .         Harm     .   (no ring)
rCorr    .         Rampage  .   (no ring)
Will     .....                  (no ring)
Stlth    +++.......             (no ring)
HPRegen  0.07/turn              (no ring)
MPRegen  0.10/turn              (no ring)
                                (no ring)
                                (no ring)

@: no status effects
A: almost no armour, stealthy swim, amphibious, 8 rings, constrict 8, camouflage
1, gelatinous body 1
a: no special abilities


You were on level 2 of the Dungeon.
You visited 1 branch of the dungeon, and saw 2 of its levels.

You collected 66 gold pieces.

Inventory:

Hand Weapons
 c - a +1 dagger of speed (weapon)
Scrolls
 a - a scroll of random uselessness {unknown}
 d - a scroll of blinking {unknown}
 e - a scroll of noise {unknown}
 f - a scroll of amnesia {unknown}
 g - a scroll of teleportation {unknown}
 h - a scroll of remove curse
Potions
 b - a potion of attraction {unknown}
 i - 2 potions of mutation {unknown}


   Skills:
 + Level 0.2 Fighting
 * Level 2.4 Dodging
 + Level 2.7 Stealth
 + Level 2.3 Spellcasting
 + Level 1.1 Transmutations
 * Level 0.2 Air Magic
 * Level 4.7 Poison Magic


You couldn't memorise any spells.
You knew the following spells:

 Your Spells              Type           Power        Failure   Level
a - Sting                 Tmut/Pois      ##..         5%          1
b - Poisonous Vapours     Pois/Air       ##....       10%         2
c - Ignite Poison         Fire/Tmut/Pois #.......     24%         3

Your spell library contained the following spells:

 Spells                   Type           Power        Failure   Level
 Olgreb's Toxic Radiance  Pois           ###.....     24%         4
 Mephitic Cloud           Conj/Pois/Air  #.......     26%         3


Dungeon Overview and Level Annotations

Branches:
Dungeon (2/15)

Altars:
Yredelemnul


Innate Abilities, Weirdness & Mutations

You cannot wear most types of armour.
You are very stealthy in the water. (Stealth+)
You are amphibious.
You can wear up to eight rings at the same time.
You can use your tentacles to constrict eight enemies at once.
Your skin changes colour to match your surroundings (Stealth+).
Your rubbery body absorbs attacks. (AC +1, EV +1)


Message History

Press: ? - help, Dir - move target, f - quokka
Aim: a quokka You miscast Poisonous Vapours.
You are very lightly contaminated with residual magic.
Nothing appears to happen.
The quokka bites you.
* * * LOW HITPOINT WARNING * * *
Found a stone staircase leading up.
The quokka misses you.
Your magical contamination has completely faded away.
The quokka barely misses you. The quokka misses you.
The quokka closely misses you. The quokka bites you.
* * * LOW HITPOINT WARNING * * *
The quokka closely misses you. The quokka closely misses you.
The quokka bites you but does no damage.
The quokka misses you. The quokka bites you.
You die...

.. ##.....##...#.. # .
#.#.....)###..... # ..
#........##....# . # #.#
#..#...........### .
######.####..#.....##......## ##.
............................###..
###................#..##.#.<.....
###=##.###.#.#.......###.#...##..
...........#.#.r@...## #.##..##.#
#.......####...###.## #..#......
#..###..†.....###..# ####......##
####....####.##...####..........#
.....#.## #.##.####......#..##.#
#####..# #.##.............###.#
...##.######.#...##...##.##..##.#
...##.###......)....####........#
...#............##### ####†.....


You could see a quokka.

Vanquished Creatures
  An ooze (D:1)
  2 dart slugs (D:1)
  4 leopard geckos (D:1)
  A ball python (D:2)
  2 bats (D:1)
  A giant cockroach (D:1)
  5 hobgoblins
  3 jackals (D:1)
  2 frilled lizards (D:1)
  3 goblins (D:1)
  7 kobolds (D:1)
  5 rats
36 creatures vanquished.

Vanquished Creatures (others)
  10 plants (D:1)
10 creatures vanquished.

Grand Total: 46 creatures vanquished

Notes
Turn   | Place    | Note
-------+----------+-------------------------------------------
     0 | D:1      | Zdeegee the Octopode Venom Mage began the quest for the
                  | Orb.
     0 | D:1      | Reached XP level 1. HP: 11/11 MP: 3/3
    75 | D:1      | Reached skill level 4 in Poison Magic
   254 | D:1      | Reached XP level 2. HP: 17/17 MP: 3/5
   699 | D:1      | Reached XP level 3. HP: 19/21 MP: 1/6
   702 | D:1      | Learned a level 2 spell: Poisonous Vapours
   706 | D:1      | Learned a level 3 spell: Ignite Poison
  1706 | D:2      | Found a basalt altar of Yredelemnul.
  1824 | D:2      | HP: 1/21 [quokka (3)]
  1847 | D:2      | Slain by a quokka

Illustrated notes

Levels and vault maps discovered:
D:1:      wheals_arrival_linesprint, layout_basic, minivault_23,
          lexackson_kobold_supper
D:2:      layout_rooms, lemuel_crystal_altar, general_overflow_altar,
          nemelex_diamond_rough_becter

Skill      XL: |  1 |
---------------+----+-----
Poison Magic   | 4 |  4.7
Fighting       | |  0.2
Dodging        | |  2.4
Stealth        | |  2.7
Spellcasting   | |  2.3
Transmutations | |  1.1
Air Magic      | |  0.2

Action                   || total
-------------------------++-------
Melee: Unarmed           ||    16
       Constrict         ||    13
       Tentacles         ||     8
       Dagger            ||    22
 Cast: Sting             ||    18
       Poisonous Vapours ||    17
  Use: Scroll            ||     1
 Stab: Sleeping          ||     1
Armor: Skin              ||     3
Dodge: Dodged            ||    28

Table legend: (Time is in decaauts)
 A = Elapsed time spent in this place.
 B = Non-inter-level travel time spent in this place.
 C = Inter-level travel time spent in this place.
 D = Time resting spent in this place.
 E = Time spent auto-exploring this place.
 F = Levels seen in this place.
 G = Mean time per level.
                   A        B        C        D        E       F      G
               +--------+--------+--------+--------+--------+-----+--------+
         Total |   1838 |   1813 |     25 |     99 |   1419 |   2 |  919.0 |
       Dungeon |   1838 |   1813 |     25 |     99 |   1419 |   2 |  919.0 |
               +--------+--------+--------+--------+--------+-----+--------+

Top non-repeatable levels by time:
     D:1: 1610 daAuts
     D:2: 227 daAuts
